 Dungeon Crawl Stone Soup version 0.23-a0-650-ga4d50d4 (webtiles) character file.

220902 Lilu the Warrior (level 18, -1/178 HPs)
             Began as a Minotaur Fighter on Jan 2, 2019.
             Was the Champion of Okawaru.
             Slain by an emperor scorpion (10 damage)
             ... on level 3 of the Spider Nest.
             The game lasted 02:24:51 (35094 turns).

Lilu the Warrior (Minotaur Fighter)                Turns: 35094, Time: 02:24:52

Health: -1/178     AC: 29    Str: 38    XL:     18   Next: 48%
Magic:  3/23       EV: 13    Int:  6    God:    Okawaru [******]
Gold:   3093       SH: 16    Dex: 13    Spells: 11/25 levels left

rFire    . . .     SeeInvis +   C - +4 broad axe (vamp)
rCold    . . .     Gourm    .   c - +0 shield
rNeg     + . .     Faith    .   X - +4 plate armour {MR+}
rPois    +         Spirit   .   W - +2 hat
rElec    +         Reflect  .   m - scarf {repulsion}
rCorr    .         Harm     .   e - +1 pair of gloves {Str+3}
MR       +++..     NoTele   +   S - +1 pair of boots {run}
Stlth    ..........             (no amulet)
HPRegen  0.39/turn              Z - ring of the Gastropod {*Drain +Fly rPois Str+5 SInv}
MPRegen  0.18/turn              h - ring of Tomorrow {-Tele rElec rPois rN+ MR+}

@: mighty, lethally poisoned (-1 -> -17), berserk cooldown, slowed, repel
missiles, very slow
A: retaliatory headbutt, horns 2
}: 1/15 runes: barnacled
a: Heroism, Finesse, Renounce Religion, Evoke Flight


You were on level 3 of the Spider Nest.
You worshipped Okawaru.
Okawaru was exalted by your worship.
You were near starving.

You visited 6 branches of the dungeon, and saw 32 of its levels.
You visited 1 bazaar.
You also visited: Sewer, Ossuary, Bailey, Gauntlet and Ice Cave.

You collected 3951 gold pieces.
You spent 858 gold pieces at shops.

Inventory:

Hand Weapons
 C - a +4 vampiric broad axe (weapon)
 P - a +0 blowgun
Missiles
 a - 18 silver javelins
 z - 12 curare-tipped needles
 A - 20 javelins of penetration
 M - 39 poisoned javelins (quivered)
 N - 4 throwing nets
Armour
 c - a +0 shield (worn)
 e - a +1 pair of gloves of strength (worn)
 m - a scarf of repulsion (worn)
 S - a +1 pair of boots of running (worn)
 W - a +2 hat (worn)
 X - a +4 plate armour of magic resistance (worn)
Jewellery
 h - the ring of Tomorrow (right hand) {-Tele rElec rPois rN+ MR+}
   (You bought it in a shop in a bazaar)

   [ring of protection from magic]

   It insulates you from electricity.
   It protects you from poison.
   It protects you from negative energy.
   It affects your resistance to hostile enchantments.
   It prevents most forms of teleportation.
 i - an uncursed ring of protection from cold
 D - the ring of Ygiesuth {rPois rN+ Int-3 Dex+4 Slay+2}
   (You found it on level 2 of the Lair of Beasts)

   [ring of slaying]

   It affects your intelligence (-3).
   It affects your dexterity (+4).
   It affects your accuracy and damage with ranged weapons and melee attacks
   (+2).
   It protects you from poison.
   It protects you from negative energy.
 O - a +4 ring of slaying
 Y - the ring "Lacerem" {rF+ Int+4}
   (You found it in an ice cave)

   [ring of protection from fire]

   It affects your intelligence (+4).
   It protects you from fire.
 Z - the ring of the Gastropod (left hand) {*Drain +Fly rPois Str+5 SInv}
   (You found it in an ice cave)

   [ring of flight]

   It affects your strength (+5).
   It protects you from poison.
   It lets you see invisible.
   It lets you fly.
   It causes draining when unequipped.
Wands
 j - a wand of iceblast (19)
 w - a wand of digging (18)
 B - a wand of scattershot (2)
 F - a wand of enslavement (5)
 T - a wand of acid (37)
Scrolls
 b - 9 scrolls of remove curse
 n - 5 scrolls of amnesia
 o - 3 scrolls of fog
 p - a scroll of summoning
 u - 4 scrolls of magic mapping
 x - 3 scrolls of blinking
 y - 9 scrolls of identify
 K - 15 scrolls of teleportation
 L - 3 scrolls of fear
 Q - a scroll of holy word
 R - 5 scrolls of enchant weapon
 V - 2 scrolls of acquirement
Potions
 d - 3 potions of might
 g - 8 potions of flight
 k - 2 potions of agility
 l - 5 potions of haste
 q - a potion of heal wounds
 r - 3 potions of berserk rage
 s - 3 potions of invisibility
 t - 14 potions of curing
 v - 6 potions of brilliance
 G - 7 potions of mutation
 H - 8 potions of magic
 I - a potion of cancellation
Miscellaneous
 U - 2 sacks of spiders
Comestibles
 f - 42 rations


   Skills:
 + Level 20.2 Fighting
 + Level 17.7 Axes
 + Level 6.1 Throwing
 + Level 16.6 Armour
 + Level 7.9 Dodging
 - Level 15.0 Shields
 - Level 4.0 Spellcasting
 - Level 5.0 Hexes
 - Level 5.0 Charms
 - Level 5.0 Necromancy
 - Level 5.0 Translocations
 - Level 7.0 Invocations


You had 11 spell levels left.
You knew the following spells:

 Your Spells              Type           Power        Failure   Level  Hunger
a - Infusion              Chrm           #...         16%         1    ##.....
b - Shroud of Golubria    Chrm/Tloc      #.........   22%         2    ###....
c - Blink                 Tloc           N/A          22%         2    ###....
d - Song of Slaying       Chrm           #.......     22%         2    ###....
e - Regeneration          Chrm/Necr      #.........   41%         3    ####...
f - Spectral Weapon       Hex/Chrm       #.......     41%         3    ####...
g - Apportation           Tloc           #.....       16%         1    ##.....

Your spell library contained the following spells:

 Spells                   Type           Power        Failure   Level  Hunger
 Animate Skeleton         Necr           N/A          16%         1    ##.....
 Confusing Touch          Hex            #.....       16%         1    ##.....
 Corona                   Hex            #......      16%         1    ##.....
 Slow                     Hex            #.......     22%         2    ###....
 Confuse                  Hex            #.......     41%         3    ####...
 Tukima's Dance           Hex            #.......     41%         3    ####...
 Ensorcelled Hibernation  Hex/Ice        #.....       54%         2    ###....
 Beastly Appendage        Tmut           #.....       75%         1    ##.....
 Flame Tongue             Conj/Fire      #....        75%         1    ##.....
 Magic Dart               Conj           #...         75%         1    ##.....
 Sting                    Conj/Pois      #...         75%         1    ##.....
 Summon Small Mammal      Summ           #...         75%         1    ##.....
 Dazzling Spray           Conj/Hex       #.....       77%         3    ####...
 Inner Flame              Hex/Fire       #.......     77%         3    ####...
 Recall                   Summ/Tloc      N/A          77%         3    ####...
 Summon Guardian Golem    Hex/Summ       #.......     77%         3    ####...
 Animate Dead             Necr           N/A          83%         4    #####..
 Call Imp                 Summ           #.......     87%         2    ###....
 Poisonous Vapours        Pois/Air       #.....       87%         2    ###....
 Sticks to Snakes         Tmut           #.......     87%         2    ###....
 Throw Flame              Conj/Fire      #.....       87%         2    ###....
 Call Canine Familiar     Summ           #.......     98%         3    ####...
 Conjure Flame            Conj/Fire      #.......     98%         3    ####...
 Mephitic Cloud           Conj/Pois/Air  #.......     98%         3    ####...
 Spider Form              Tmut/Pois      #.........   98%         3    ####...
 Leda's Liquefaction      Hex/Erth       #.........   99%         4    #####..
 Ice Form                 Ice/Tmut       #.......     100%        4    #####..
 Olgreb's Toxic Radiance  Pois           #.......     100%        4    #####..
 Sticky Flame             Conj/Fire      #.......     100%        4    #####..
 Summon Ice Beast         Ice/Summ       #.......     100%        4    #####..
 Summon Lightning Spire   Summ/Air       #.......     100%        4    #####..
 Blade Hands              Tmut           #.........   100%        5    ######.
 Borgnjor's Vile Clutch   Necr/Erth      #.........   100%        5    ######.
 Fireball                 Conj/Fire      #.........   100%        5    ######.
 Venom Bolt               Conj/Pois      #.........   100%        5    ######.
 Darkness                 Hex            #.........   100%        6    #######
 Death Channel            Necr           #.........   100%        6    #######
 Simulacrum               Ice/Necr       #.........   100%        6    #######


Dungeon Overview and Level Annotations

Branches:
Dungeon (15/15)            Temple (1/1) D:5            Lair (6/6) D:10
 Shoals (4/4) Lair:2       Spider (4/4) Lair:2        Slime (0/5) Lair:6
    Orc (2/2) D:12            Elf (0/3) Orc:2        Vaults (0/5) D:14
 Depths (0/5) D:15

Altars:
Ashenzari
Cheibriados
Dithmenos
Elyvilon
Fedhas
Gozag
Hepliaklqana
Kikubaaqudgha
Makhleb
Nemelex Xobeh
Okawaru
Qazlal
Ru
Sif Muna
Trog
Uskayaw
Vehumet
Wu Jian
Xom
Yredelemnul
Zin
The Shining One
Jiyva

Shops:
D:7 (   D:15 (   Orc:2 *?[(:   Shoals:2 [

Annotations:
D:12 2 transporters, Jaybu's ghost, journeyman MiFi
Lair:6 1 runed door, exclusion: door


Innate Abilities, Weirdness & Mutations

You reflexively headbutt those who attack you in melee.
You have a pair of horns on your head.


Message History

* * * LOW HITPOINT WARNING * * *
The emperor scorpion claws you but does no damage.
You feel much better. The emperor scorpion stings you.
* * * LOW HITPOINT WARNING * * *
The emperor scorpion claws you but does no damage.
You block the emperor scorpion's attack. x3
The emperor scorpion claws you but does no damage.
The demonic crawler hits you but does no damage.
The demonic crawler hits you.
* * * LOW HITPOINT WARNING * * *
The demonic crawler hits you but does no damage.
The emperor scorpion stings you but does no damage.
You block the emperor scorpion's attack.
The emperor scorpion claws you!
* * * LOW HITPOINT WARNING * * *
The emperor scorpion stings you!
* * * LOW HITPOINT WARNING * * *
You are lethally poisoned!
The emperor scorpion poisons you! The emperor scorpion claws you!
You die...

.#.....†>..........#......#######
.#...............###....###).....
.#......^.......##......#..^.....
.............^........^..†.......
.................^...............
#.................>..............
.................^...............
...............ss......<.........
#....^.........s@................
##.(..................###########
##.......................^^...#..
.#............................#..
..............................#..
.................................
.......^....^....................
.................^...............
.............^...†..........^....


You could see 2 emperor scorpions and a demonic crawler.

Vanquished Creatures
  Rupert (D:12)
  Asterion (Spider:1)
  A kraken (Shoals:2)
  Agnes (Spider:2)
  Ilsuiw (Shoals:2)
  2 orc warlords
  2 emperor scorpions
  4 ghost moths
  Nessos (Lair:5)
  3 entropy weavers
  A minotaur (Gauntlet)
  2 spark wasps (Spider:3)
  An ettin (D:15)
  9 merfolk javelineers
  Erolcha (Orc:2)
  7 merfolk impalers
  2 ice dragons (IceCv)
  3 merfolk avatars
  7 hydras
  A ghost crab (Gauntlet)
  3 centaur warriors
  4 merfolk aquamancers (Shoals:4)
  An ogre mage (D:15)
  A deep troll shaman (Lair:6)
  4 satyrs
  6 two-headed ogres
  A tengu warrior (D:15)
  8 death yaks
  4 orc high priests (Orc:2)
  Urug (Orc:1)
  Sonja (D:10)
  A shadow wraith (D:14)
  A fire crab (D:12)
  An unseen horror (D:15)
  A deep troll (D:15)
  8 sea snakes
  16 orb spiders
  27 wolf spiders
  5 harpies
  4 orc knights
  An oklob plant (D:10)
  8 cyclopes
  2 deep elf magi
  8 ugly things
  3 orc sorcerers (Orc:2)
  Joseph (Lair:1)
  21 fauns
  3 moths of wrath
  7 black mambas
  30 elephants
  9 manticores
  An ice statue (IceCv)
  11 water nymphs
  12 merfolk sirens
  3 torpor snails
  2 gargoyles
  A spiny frog (shapeshifter) (D:14)
  13 spiny frogs
  7 rime drakes
  7 komodo dragons
  10 demonic crawlers
  3 polar bears
  2 efreet
  A harpy zombie (D:15)
  6 trolls
  5 wind drakes
  23 merfolk
  27 jumping spiders
  7 hornets
  11 snapping turtles
  8 blink frogs
  15 hippogriffs
  30 dream sheep
  A raiju (Gauntlet)
  A shadow (D:13)
  A spriggan (Lair:3)
  A centaur simulacrum (D:14)
  4 wraiths
  4 water elementals
  37 tarantellas
  35 yaks
  79 redbacks
  A vampire (D:15)
  3 wyverns
  2 steam dragons (Gauntlet)
  3 hungry ghosts
  4 basilisks
  9 vampire mosquitoes
  5 wargs (Orc:1)
  A soldier ant (D:11)
  7 water moccasins
  10 porcupines
  39 orc warriors
  2 black bears
  30 ice beasts
  An eye of draining (D:15)
  6 sky beasts
  9 centaurs
  17 ogres
  3 phantoms
  17 wolves
  16 crocodiles
  4 big kobolds
  18 bullfrogs
  A gnoll sergeant (D:8)
  5 small abominations (Gauntlet)
  4 scorpions
  9 killer bees
  7 wights
  6 electric eels (Lair:2)
  3 crimson imps
  5 howler monkeys
  2 centaur zombies
  2 centaur skeletons
  2 hounds
  18 orc priests
  3 jellies
  2 quasits
  31 orc wizards
  2 bullfrog skeletons (D:12)
  6 iguanas
  10 worker ants
  A killer bee zombie (D:7)
  A big kobold zombie (Ossuary)
  A hound zombie (D:7)
  A hound skeleton (D:5)
  4 mummies (Ossuary)
  A worker ant zombie (D:8)
  3 river rats
  12 adders
  17 gnolls
  3 shadow imps
  An adder zombie (Ossuary)
  5 worms
  A dart slug (D:1)
  4 leopard geckos
  82 orcs
  3 giant cockroaches
  2 gnoll zombies (Ossuary)
  8 goblins
  18 hobgoblins
  14 jackals
  23 kobolds
  7 quokkas
  10 bats
  4 frilled lizards
  A goblin zombie (Ossuary)
  5 jackal zombies (Ossuary)
  2 leopard gecko zombies
  An orc zombie (Ossuary)
  A quokka skeleton (D:7)
  A quokka zombie (D:5)
  12 rats
  2 rat zombies
  4 fungi
  20 plants
  3 tentacles (Shoals:2)
1213 creatures vanquished.

Vanquished Creatures (collateral kills)
  Snorg (Lair:5)
1 creature vanquished.

Vanquished Creatures (others)
  4 hydras
  A merfolk aquamancer (Shoals:4)
  2 death yaks (Lair:6)
  A manticore (Lair:2)
  A wolf spider (Spider:4)
  7 elephants
  An ice statue (IceCv)
  2 komodo dragons
  A hippogriff (D:9)
  A blink frog (Lair:6)
  4 yaks
  A water moccasin (Lair:1)
  A necrophage (D:7)
  An ogre (D:9)
  2 bullfrogs
  An orc (D:12)
  9 demonic plants (Gauntlet)
  33 fungi
  23 plants
  16 tentacles (Shoals:2)
112 creatures vanquished.

Grand Total: 1326 creatures vanquished

Notes
Turn   | Place    | Note
-------+----------+-------------------------------------------
     0 | D:1      | Lilu the Minotaur Fighter began the quest for the Orb.
     0 | D:1      | Reached XP level 1. HP: 19/19 MP: 0/0
    76 | D:1      | Reached XP level 2. HP: 24/27 MP: 1/1
   189 | D:1      | Reached skill level 4 in Fighting
   249 | D:1      | Reached XP level 3. HP: 33/33 MP: 2/2
  1395 | D:3      | Reached XP level 4. HP: 40/40 MP: 3/3
  1432 | D:3      | Found a faded altar of an unknown god.
  1566 | D:3      | Found a glowing drain.
  1666 | Sewer    | Entered a sewer
  1676 | Sewer    | Reached XP level 5. HP: 35/47 MP: 4/4
  1811 | Sewer    | Reached skill level 5 in Armour
  1811 | Sewer    | Reached skill level 5 in Shields
  1830 | Sewer    | Found a glowing silver altar of Zin.
  1996 | D:3      | Reached skill level 5 in Fighting
  2214 | D:4      | Reached XP level 6. HP: 41/56 MP: 5/5
  2316 | D:4      | Found a shadowy altar of Dithmenos.
  2744 | D:4      | Found a white marble altar of Elyvilon.
  2745 | D:4      | Found a deep blue altar of Sif Muna.
  2747 | D:4      | Found a basalt altar of Yredelemnul.
  2750 | D:4      | Found a snail-covered altar of Cheibriados.
  2755 | D:4      | Found an ancient bone altar of Kikubaaqudgha.
  2757 | D:4      | Found a hazy altar of Hepliaklqana.
  2758 | D:4      | Found a radiant altar of Vehumet.
  2759 | D:4      | Found a stormy altar of Qazlal.
  2931 | D:5      | Entered Level 5 of the Dungeon
  2995 | D:5      | Noticed an ice beast
  3010 | D:5      | Killed an ice beast
  3067 | D:5      | Reached skill level 5 in Axes
  3067 | D:5      | Reached XP level 7. HP: 58/62 MP: 6/6
  3218 | D:5      | Found a sand-covered staircase.
  3232 | Ossuary  | Entered an ossuary
  3439 | D:5      | Found a white marble altar of Elyvilon.
  3484 | D:5      | Got an ancient leather armour
  3499 | D:5      | Found a hide-covered altar of Uskayaw.
  3808 | D:5      | Found a staircase to the Ecumenical Temple.
  3817 | D:5      | Reached skill level 6 in Fighting
  3826 | Temple   | Entered the Ecumenical Temple
  3908 | Temple   | Identified the +0 leather armour of Philately {rPois rC+
                  | MR- Str+3} (You found it on level 5 of the Dungeon)
  4160 | D:6      | Found an iron altar of Okawaru.
  4162 | D:6      | Reached XP level 8. HP: 62/71 MP: 7/7
  4173 | D:6      | Became a worshipper of Warmaster Okawaru
  4627 | D:6      | Reached skill level 7 in Fighting
  4964 | D:6      | Reached * piety under Okawaru
  5122 | D:6      | Reached skill level 1 in Invocations
  5123 | D:6      | Reached XP level 9. HP: 62/81 MP: 8/8
  5211 | D:7      | Reached skill level 8 in Fighting
  5212 | D:7      | Reached ** piety under Okawaru
  5284 | D:7      | Found a flagged portal.
  5307 | Bailey   | Entered a bailey
  5698 | Bailey   | Noticed an orc knight
  5949 | Bailey   | Killed an orc knight
  5949 | Bailey   | Reached skill level 1 in Throwing
  6138 | D:7      | Identified a scroll of acquirement
  6418 | D:7      | Found Qewk's Antique Weapon Shop.
  6439 | D:7      | Reached *** piety under Okawaru
  6771 | D:7      | Noticed a deep elf mage
  6783 | D:7      | Killed a deep elf mage
  6783 | D:7      | Reached skill level 9 in Fighting
  6783 | D:7      | Reached XP level 10. HP: 39/91 MP: 10/10
  7832 | D:8      | Found an ornate altar of the Wu Jian Council.
  7857 | D:8      | Reached **** piety under Okawaru
  7906 | D:8      | Found a shattered altar of Ashenzari.
  8069 | D:8      | Received a gift from Okawaru
  8456 | D:9      | Reached skill level 10 in Fighting
  8926 | D:9      | Reached skill level 10 in Shields
  8929 | D:9      | Reached skill level 10 in Armour
  9064 | D:10     | Entered Level 10 of the Dungeon
  9064 | D:10     | Found an ancient bone altar of Kikubaaqudgha.
  9110 | D:10     | Received a gift from Okawaru
  9110 | D:10     | Reached skill level 11 in Fighting
  9362 | D:10     | Noticed an oklob plant
  9408 | D:10     | Found a staircase to the Lair.
  9607 | D:10     | Noticed Sonja
  9618 | D:10     | Killed Sonja
  9618 | D:10     | Reached ***** piety under Okawaru
  9618 | D:10     | Reached skill level 10 in Axes
  9618 | D:10     | Reached XP level 11. HP: 50/102 MP: 8/11
 10905 | D:10     | Killed an oklob plant
 10935 | Lair:1   | Entered Level 1 of the Lair of Beasts
 11109 | Lair:1   | Noticed a six-headed hydra
 11114 | Lair:1   | Banished a six-headed hydra
 11114 | Lair:1   | Reached skill level 12 in Fighting
 11198 | Lair:1   | Noticed Joseph
 11211 | Lair:1   | Received a gift from Okawaru
 11247 | Lair:1   | Killed Joseph
 11956 | Lair:1   | Reached skill level 13 in Fighting
 12112 | Lair:2   | Reached XP level 12. HP: 115/115 MP: 14/14
 12572 | Lair:2   | Received a gift from Okawaru
 12841 | Lair:2   | Found a hole to the Spider Nest.
 12988 | Lair:2   | Got a sparkling tin ring
 12989 | Lair:2   | Identified the ring of Ygiesuth {rPois rN+ Int-3 Dex+4
                  | Slay+2} (You found it on level 2 of the Lair of Beasts)
 13248 | Lair:2   | Found a staircase to the Shoals.
 13258 | Lair:2   | Reached skill level 14 in Fighting
 13764 | Lair:3   | Received a gift from Okawaru
 13782 | Lair:3   | Got an ichor-stained war axe {god gift}
 13784 | Lair:3   | Identified the +0 war axe of Ascent {venom, *Corrode Str+7}
                  | (Okawaru gifted it to you on level 3 of the Lair of Beasts)
 13855 | Lair:3   | Reached skill level 15 in Fighting
 14108 | Lair:3   | Reached ****** piety under Okawaru
 14267 | Lair:3   | Noticed an eight-headed hydra
 14283 | Lair:3   | Killed an 11-headed hydra
 14283 | Lair:3   | Received a gift from Okawaru
 14702 | Lair:3   | Noticed a dire elephant
 14713 | Lair:3   | Banished a dire elephant
 14713 | Lair:3   | Reached XP level 13. HP: 127/127 MP: 13/15
 15097 | Lair:4   | Reached skill level 16 in Fighting
 15204 | Lair:4   | Received a gift from Okawaru
 15497 | Lair:4   | Identified the +3 flail of Zighug {pain, rC+ MP+9} (You
                  | found it on level 4 of the Lair of Beasts)
 16215 | Lair:5   | Noticed Snorg
 16225 | Lair:5   | Killed Snorg
 16532 | Lair:5   | Noticed Nessos
 16548 | Lair:5   | Killed Nessos
 16548 | Lair:5   | Reached skill level 1 in Dodging
 17040 | Lair:6   | Entered Level 6 of the Lair of Beasts
 17104 | Lair:6   | Reached skill level 17 in Fighting
 17137 | Lair:6   | Found a frozen archway.
 17172 | IceCv    | Entered an ice cave
 17357 | IceCv    | Reached XP level 14. HP: 119/140 MP: 16/16
 17437 | IceCv    | Received a gift from Okawaru
 17492 | IceCv    | Reached skill level 5 in Invocations
 17651 | IceCv    | Got a brightly glowing glass ring
 17653 | IceCv    | Got a vibrating copper ring
 17666 | IceCv    | Identified the ring "Lacerem" {rF+ Int+4} (You found it in
                  | an ice cave)
 17667 | IceCv    | Identified the ring of the Gastropod {*Drain +Fly rPois
                  | Str+5 SInv} (You found it in an ice cave)
 18537 | Lair:6   | Received a gift from Okawaru
 18947 | Lair:6   | Found a runed door.
 18948 | Lair:6   | Found a viscous altar of Jiyva.
 18948 | Lair:6   | Noticed an acid blob
 18949 | Lair:6   | Noticed an acid blob
 18950 | Lair:6   | Found a staircase to the Slime Pits.
 18950 | Lair:6   | Noticed an acid blob
 19533 | D:11     | Reached skill level 15 in Shields
 19578 | D:11     | Reached skill level 15 in Armour
 19666 | D:11     | Reached skill level 18 in Fighting
 19673 | D:11     | Got a faintly glowing ring mail
 19684 | D:11     | Identified the cursed +0 ring mail of Altruism {Int+3
                  | Dex+4} (You found it on level 11 of the Dungeon)
 19968 | D:12     | Found a transporter.
 19972 | D:12     | Found a transporter.
 19972 | D:12     | Noticed Jaybu's ghost (journeyman MiFi)
 20039 | D:12     | Reached skill level 15 in Axes
 20066 | D:12     | Received a gift from Okawaru
 20079 | D:12     | Reached XP level 15. HP: 85/149 MP: 18/18
 20089 | D:12     | Found a flickering gateway to a bazaar.
 20099 | Bazaar   | Entered a bazaar
 20312 | Bazaar   | Found Cipnuaf's Book Shoppe.
 20312 | Bazaar   | Found Focsi's Food Shoppe.
 20348 | Bazaar   | Found Giuwag's Weapon Emporium.
 20348 | Bazaar   | Found Jiplom's Jewellery Emporium.
 20366 | Bazaar   | Bought the ring of Tomorrow {-Tele rElec rPois rN+ MR+} for
                  | 627 gold pieces
 20516 | D:12     | Found the +9 heavy crossbow "Sniper" {velocity, Acc+∞ SInv}
 20535 | D:12     | Received a gift from Okawaru
 20595 | D:12     | Noticed Rupert
 20608 | D:12     | Killed Rupert
 20730 | D:12     | Got a warped buckler
 20731 | D:12     | Identified the +3 buckler of the Demon Prince {rPois rF-
                  | Dex+5} (You found it on level 12 of the Dungeon)
 20869 | D:12     | Found a staircase to the Orcish Mines.
 22132 | D:14     | Found a gate to the Vaults.
 22149 | D:14     | Learned a level 1 spell: Infusion
 22152 | D:14     | Learned a level 2 spell: Shroud of Golubria
 22155 | D:14     | Learned a level 2 spell: Blink
 22158 | D:14     | Learned a level 2 spell: Song of Slaying
 22162 | D:14     | Learned a level 3 spell: Regeneration
 22166 | D:14     | Learned a level 3 spell: Spectral Weapon
 22287 | D:14     | Found a blossoming altar of Fedhas.
 22582 | D:15     | Entered Level 15 of the Dungeon
 22582 | D:15     | Found an opulent altar of Gozag.
 22584 | D:15     | Received a gift from Okawaru
 22644 | D:15     | Reached skill level 1 in Translocations
 22762 | D:15     | Reached skill level 1 in Hexes
 22762 | D:15     | Reached skill level 1 in Charms
 22762 | D:15     | Reached skill level 1 in Necromancy
 22775 | D:15     | Reached skill level 1 in Spellcasting
 22779 | D:15     | Found a staircase to the Depths.
 22784 | D:15     | Received a gift from Okawaru
 22819 | D:15     | Found Zuschar's Weapon Shoppe.
 22819 | D:15     | Found a gate leading to a gauntlet.
 22839 | Gauntlet | Entered a Gauntlet
 22839 | Gauntlet | Found a transporter.
 22839 | Gauntlet | Found a transporter.
 22845 | Gauntlet | Found a transporter.
 22845 | Gauntlet | Found a transporter.
 22848 | Gauntlet | Found a transporter.
 22848 | Gauntlet | Found a transporter.
 22858 | Gauntlet | Found a transporter.
 22862 | Gauntlet | Found a transporter.
 22862 | Gauntlet | Found a transporter.
 22862 | Gauntlet | Found a transporter.
 22873 | Gauntlet | Found a transporter.
 22877 | Gauntlet | Found a transporter.
 23773 | Orc:1    | Entered Level 1 of the Orcish Mines
 23995 | Orc:1    | Reached skill level 5 in Dodging
 24097 | Orc:2    | Entered Level 2 of the Orcish Mines
 24097 | Orc:2    | Found Veikluzei's Antique Weapon Emporium.
 24153 | Orc:2    | Noticed an orc warlord
 24181 | Orc:1    | Killed an orc warlord
 24336 | Orc:2    | Found Zuaty's General Store.
 24337 | Orc:2    | Found Taunk's Magic Scroll Emporium.
 24397 | Orc:2    | Found a staircase to the Elven Halls.
 24517 | Orc:2    | Noticed Erolcha
 24523 | Orc:2    | Killed Erolcha
 24537 | Orc:2    | Found Oderph's Antique Armour Shoppe.
 24569 | Orc:2    | Noticed an orc warlord
 24571 | Orc:2    | Found Porch's Book Boutique.
 24582 | Orc:2    | Reached XP level 16. HP: 148/159 MP: 9/19
 24719 | Orc:2    | Reached skill level 19 in Fighting
 25041 | Orc:1    | Noticed Urug
 25052 | Orc:1    | Killed Urug
 25052 | Orc:1    | Received a gift from Okawaru
 25427 | Shoals:1 | Entered Level 1 of the Shoals
 26241 | Shoals:2 | Noticed a kraken
 26315 | Shoals:2 | Killed a kraken
 26684 | Shoals:2 | Noticed Ilsuiw
 26980 | Shoals:2 | Killed Ilsuiw
 27275 | Shoals:2 | Found Fampuh's Armour Shoppe.
 27287 | Shoals:2 | Bought a +1 pair of gloves of strength for 231 gold pieces
 27312 | Shoals:2 | Received a gift from Okawaru
 28632 | Shoals:3 | Reached XP level 17. HP: 156/168 MP: 19/21
 29031 | Shoals:4 | Entered Level 4 of the Shoals
 29114 | Shoals:4 | Got a barnacled rune of Zot
 29222 | Shoals:4 | Identified the +7 whip "Muxubuwo" {drain, rF+ Str+3}
 29356 | Shoals:4 | Received a gift from Okawaru
 29388 | Shoals:4 | Identified a +0 pair of boots of running (Okawaru gifted it
                  | to you on level 4 of the Shoals)
 29544 | Shoals:4 | Identified the Compendium of Execration and Talismans
 30542 | Spider:1 | Entered Level 1 of the Spider Nest
 31321 | Spider:1 | Noticed Asterion
 31703 | Spider:1 | Killed Asterion
 32161 | Spider:1 | Learned a level 1 spell: Apportation
 32659 | Spider:2 | Received a gift from Okawaru
 32670 | Spider:2 | Noticed Agnes
 32684 | Spider:2 | Killed Agnes
 33094 | Spider:2 | Identified the +1 spear of the Extremes {pierce, rN+ MR+
                  | Str-3} (You found it on level 2 of the Spider Nest)
 33626 | Spider:3 | Reached skill level 5 in Translocations
 33981 | Spider:3 | Reached XP level 18. HP: 178/178 MP: 23/23
 34114 | Spider:3 | Reached skill level 5 in Necromancy
 34141 | Spider:3 | Received a gift from Okawaru
 34153 | Spider:3 | Reached skill level 20 in Fighting
 34352 | Spider:3 | Reached skill level 5 in Throwing
 34861 | Spider:4 | Entered Level 4 of the Spider Nest
 34885 | Spider:4 | Reached skill level 5 in Hexes
 34914 | Spider:4 | Reached skill level 5 in Charms
 35094 | Spider:3 | Slain by an emperor scorpion

Vault maps used:
D:1:      onia_arrival_pentagram
D:2:      first_ration
D:3:      lightli_sewer_entry_pipes, chequers_ecumenical_altar_simple_redux
D:4:      minitemple, nicolae_dithmenos_shadow_blocks
D:5:      eat_drink_and_be_merry_uskayaw, minmay_temple_entry_hall,
          enter_ossuary_4, elyvilon_altar_3
D:6:      okawaru_ov_weapons_minmay
D:7:      serial_shops, shop_fountains, enter_bailey_2, grunt_ministairs_8,
          minmay_liquid_box, minmay_manual_mullet
D:8:      old_standard_altar, basic_altar, grunt_ogre_cave
D:10:     dpeg_oklobed_lair, basic_altar, serial_park_tiny_2, uniq_sonja
D:12:     cheibrodos_ideogram_h, gammafunk_ghost_hive, serial_corexii_hall,
          corexii_hall_statues_t, corexii_hall_statues_s, serial_shops,
          bzr_entry_lakeside, uniq_rupert
D:14:     david_vaults_4, nrook_mini_backslash, serial_glass, glass_columns_a,
          glass_columns_a, fedhas_altar_2
D:15:     hangedman_depths_entry_civil_slaughter, nicolae_gozag_seed_capital,
          serial_shops, nicolae_shop_trees, gauntlet_entry_generic
Temple:   compressed_dpeg_circular_temple
Lair:1:   chequers_serial_rivers_room_b, grunt_megastairs_4, uniq_joseph,
          uniq_gastronok
Lair:2:   minmay_shoals_entry_beasts, spider_nest_entry_rubble,
          infiniplex_staircase_pool, grunt_megastairs_3, serial_bayou_shore_a,
          lemuel_fruit_fields
Lair:3:   mu_elephants_graveyard, serial_bayou_pond_a, serial_bayou_shore_b
Lair:4:   st_stairs_5
Lair:5:   grunt_megastairs_2, uniq_snorg, uniq_nessos
Lair:6:   grunt_lair_end_beastmaster, slime_altar_2,
          portal_ice_cave_entry_ice_beasts
Shoals:2: nicolae_shoals_c_island, uniq_ilsuiw
Shoals:4: shoals_end_simple, shoals_ilsuiw_ice, ldierk_geyser
Spider:1: nicolae_spider_webbed_stairs, uniq_asterion
Spider:2: uniq_agnes
Spider:4: grunt_spider_rune_parallel, uniq_arachne
Orc:1:    nooodl_orcs_dogs, uniq_urug
Orc:2:    grunt_orc_gardens, grunt_orc_garden, grunt_orc_garden,
          grunt_orc_garden, grunt_orc_garden, serial_shops, shop, uniq_erolcha
Bazaar:   grunt_bazaar_doublecross
Sewer:    sewer_kobolds
Ossuary:  ossuary_minmay_tomb_2a
Bailey:   bailey_axe_2, bailey
IceCv:    ice_cave_small_dragons
Gauntlet: gammafunk_gauntlet_hard_choice

Skill      XL: |  1  2  3  4  5  6  7  8  9 10 11 12 13 14 15 16 17 18 |
---------------+-------------------------------------------------------+-----
Shields        | 4 5 6 7 9 10 11 13 14 15 | 15.0
Fighting       | 4 5 6 7 9 11 13 15 17 18 19 20 | 20.2
Armour         | 4 5 6 7 9 10 11 13 14 15 16 | 16.6
Axes           | 3 4 5 6 7 8 10 11 12 13 15 16 17 | 17.7
Invocations    | 1 2 4 6 7 |  7.0
Throwing       | 3 4 6 |  6.1
Dodging        | 2 4 5 6 7 |  7.9
Translocations | 2 3 5 |  5.0
Hexes          | 2 3 4 5 |  5.0
Charms         | 2 3 4 5 |  5.0
Necromancy     | 2 3 4 5 |  5.0
Spellcasting   | 2 3 4 |  4.0

Action                   |  1- 3 |  4- 6 |  7- 9 | 10-12 | 13-15 | 16-18 || total
-------------------------+-------+-------+-------+-------+-------+-------++-------
Melee: War axe           |   109 |   125 |   277 |       |       |       ||   511
       Headbutt          |     9 |    20 |    61 |   110 |   269 |   322 ||   791
       Broad axe         |       |       |    49 |   423 |   965 |  1158 ||  2595
Throw: Javelin           |       |       |     4 |     5 |       |    65 ||    74
       Tomahawk          |       |       |       |    50 |     5 |     4 ||    59
       Throwing net      |       |       |       |       |       |     2 ||     2
 Cast: Shroud of Golubri |       |       |       |       |       |     5 ||     5
       Infusion          |       |       |       |       |       |     2 ||     2
Invok: Heroism           |       |       |     1 |     5 |    12 |    10 ||    28
       Finesse           |       |       |       |     2 |     7 |     5 ||    14
 Abil: Evoke Flight      |       |       |       |       |       |    12 ||    12
  Use: Scroll            |     7 |     3 |    10 |     9 |    19 |     6 ||    54
       Potion            |       |     1 |       |       |       |     5 ||     6
 Stab: Distracted        |       |     1 |       |       |       |       ||     1
  Eat: Chunk             |     2 |     5 |     9 |    25 |    27 |    32 ||   100
       Ration            |       |       |     1 |     1 |     2 |     1 ||     5
Armor: Scale mail        |    21 |    27 |       |       |       |       ||    48
       Ring mail         |    33 |       |       |       |       |       ||    33
       Chain mail        |       |    22 |    46 |       |       |       ||    68
       Plate armour      |       |       |   141 |   213 |   357 |   702 ||  1413
Dodge: Dodged            |    45 |    24 |    87 |    88 |   259 |   572 ||  1075
Block: Shield            |    60 |    73 |   221 |   235 |   609 |  1009 ||  2207

Table legend:
 A = Non-vault XP
 B = Vault XP
 C = Vault XP percentage of total XP
 D = Non-vault monster count
 E = Vault monster count
 F = Vault count percentage of total count
                 A         B        C        D         E       F
            +---------+---------+-------+---------+---------+-------
      Total |  216427 |  115829 |  34.9 |     887 |     333 |  27.3
            +---------+---------+-------+---------+---------+-------
        D:1 |      49 |       0 |   0.0 |      26 |       0 |   0.0
        D:2 |      39 |       0 |   0.0 |      15 |       0 |   0.0
        D:3 |      39 |      73 |  65.2 |      12 |      11 |  47.8
        D:4 |     187 |       0 |   0.0 |      11 |       0 |   0.0
        D:5 |     403 |       2 |   0.5 |      13 |       2 |  13.3
        D:6 |    1543 |       0 |   0.0 |      29 |       0 |   0.0
        D:7 |    1591 |     662 |  29.4 |      47 |       3 |   6.0
        D:8 |    1400 |     121 |   8.0 |      22 |       1 |   4.3
        D:9 |    2362 |       0 |   0.0 |      21 |       0 |   0.0
       D:10 |    1161 |    1419 |  55.0 |      16 |       2 |  11.1
       D:11 |    3250 |       0 |   0.0 |      27 |       0 |   0.0
       D:12 |    3863 |    9324 |  70.7 |      22 |      25 |  53.2
       D:13 |    3694 |       0 |   0.0 |      19 |       0 |   0.0
       D:14 |    7403 |    2353 |  24.1 |      28 |       4 |  12.5
       D:15 |    5725 |    5441 |  48.7 |      14 |       6 |  30.0
     Lair:1 |    5674 |    1920 |  25.3 |      24 |       4 |  14.3
     Lair:2 |    6072 |    2475 |  29.0 |      27 |       7 |  20.6
     Lair:3 |    4007 |    9005 |  69.2 |      14 |      19 |  57.6
     Lair:4 |   10659 |     359 |   3.3 |      42 |       1 |   2.3
     Lair:5 |    2999 |    3233 |  51.9 |      16 |       5 |  23.8
     Lair:6 |   23714 |    8560 |  26.5 |      65 |      26 |  28.6
   Shoals:1 |    8439 |       0 |   0.0 |      20 |       0 |   0.0
   Shoals:2 |   27085 |    5479 |  16.8 |      48 |       6 |  11.1
   Shoals:3 |   16005 |       0 |   0.0 |      35 |       0 |   0.0
   Shoals:4 |    4383 |   23298 |  84.2 |       9 |      38 |  80.9
   Spider:1 |   12330 |    2673 |  17.8 |      38 |       1 |   2.6
   Spider:2 |   18218 |    2007 |   9.9 |      51 |       1 |   1.9
   Spider:3 |   22370 |    1048 |   4.5 |      51 |       2 |   3.8
   Spider:4 |   12358 |   13506 |  52.2 |      31 |      36 |  53.7
      Orc:1 |    4092 |    1755 |  30.0 |      34 |      13 |  27.7
      Orc:2 |    5313 |   11405 |  68.2 |      60 |      28 |  31.8
      Sewer |       0 |     136 | 100.0 |       0 |      12 | 100.0
    Ossuary |       0 |     114 | 100.0 |       0 |      16 | 100.0
     Bailey |       0 |     839 | 100.0 |       0 |      34 | 100.0
      IceCv |       0 |    5324 | 100.0 |       0 |      20 | 100.0
   Gauntlet |       0 |    3298 | 100.0 |       0 |      10 | 100.0
            +---------+---------+-------+---------+---------+-------
